 Dungeon Crawl Stone Soup version 0.25-a0-517-gf8b3a32422 (webtiles) character file.

Game seed: 12038035957090874880, levelgen mode: deterministic

51 drasked the Magician (level 3, -4/19 HPs)
             Began as a Deep Elf Wizard on Feb 17, 2020.
             Killed from afar by an orc wizard (10 damage)
             ... with a puff of flame
             ... on level 2 of the Dungeon.
             The game lasted 00:03:09 (1505 turns).

drasked the Magician (Deep Elf Wizard)              Turns: 1505, Time: 00:03:09

Health: -4/19      AC:  2    Str:  4    XL:     3   Next: 58%
Magic:  3/10       EV: 13    Int: 23    God:
Gold:   83         SH:  0    Dex: 13    Spells: 4/10 levels left

rFire    . . .     SeeInvis .   m - +0 trident
rCold    . . .     Gourm    .   (no shield)
rNeg     . . .     Faith    .   a - +0 robe
rPois    .         Spirit   .   b - +0 hat
rElec    .         Reflect  .   (no cloak)
rCorr    .         Harm     .   (no gloves)
MR       .....                  (no boots)
Stlth    +.........             (no amulet)
HPRegen  0.06/turn              (no ring)
MPRegen  0.12/turn              (no ring)

@: confused
A: no striking features
a: no special abilities


You were on level 2 of the Dungeon.
You were not hungry.

You visited 1 branch of the dungeon, and saw 2 of its levels.

You collected 83 gold pieces.

Inventory:

Hand Weapons
 m - a +0 trident (weapon)
   (You found it on level 2 of the Dungeon)
Armour
 a - a +0 robe (worn)
 b - a +0 hat (worn)
Jewellery
 l - an uncursed ring of magical power {unknown}
   (You found it on level 2 of the Dungeon)
Scrolls
 d - a scroll of fear {unknown}
 f - a scroll of amnesia {unknown}
 h - a scroll of noise {unknown}
 i - 2 scrolls of magic mapping {unknown}
 k - a scroll of identify {unknown}
Potions
 c - a potion of curing {unknown}
 j - a potion of magic {unknown}
Comestibles
 e - 5 rations


   Skills:
 - Level 2.4 Dodging
 - Level 2.4 Stealth
 - Level 4.4 Spellcasting
 + Level 3.9 Conjurations
 - Level 1.1 Summonings
   Level 1.1 Translocations


You had 4 spell levels left.
You knew the following spells:

 Your Spells              Type           Power        Failure   Level  Hunger
a - Magic Dart            Conj           ###.         1%          1    None
c - Call Imp              Summ           ##......     10%         2    None
x - Mephitic Cloud        Conj/Pois/Air  ##......     17%         3    ##.....

Your spell library contained the following spells:

 Spells                   Type           Power        Failure   Level  Hunger
 Blink                    Tloc           N/A          10%         2    None
 Conjure Flame            Conj/Fire      ##......     13%         3    ##.....
 Slow                     Hex            #.......     16%         2    None


Dungeon Overview and Level Annotations

Branches:
Dungeon (2/15)

Altars:
Ashenzari


Message History

You kill the frilled lizard!
You start resting.
A kobold comes into view.
The kobold shouts!
A kobold is nearby!
Aim: a kobold The magic dart hits the kobold.
You kill the kobold!
A kobold comes into view. It is wielding a +0 short sword.
Aim: a kobold, wielding a +0 short sword The magic dart hits the kobold.
Aim: a kobold, wielding a +0 short sword (moderately wounded)
The magic dart hits the kobold.
You kill the kobold!
You start resting.
An orc comes into view. It is wielding a +0 war axe.
An orc is nearby!
Aim: an orc, wielding a +0 war axe (hasn't noticed you)
The magic dart hits the orc.
The orc shouts!
An orc comes into view. It is wielding a +0 dagger.
Aim: an orc, wielding a +0 war axe (severely wounded)
The magic dart hits the orc.
You kill the orc!
The orc shouts!
Aim: an orc, wielding a +0 dagger and wearing a +0 scale mail The magic dart hits the orc.
An orc comes into view. It is wielding a +0 whip.
Aim: an orc, wielding a +0 dagger and wearing a +0 scale mail (almost dead)
The magic dart hits the orc but does no damage.
Aim: an orc, wielding a +0 dagger and wearing a +0 scale mail (almost dead)
The magic dart hits the orc.
You kill the orc!
* * * LOW MAGIC WARNING * * *
Aim: an orc, wielding a +0 whip The magic dart hits the orc.
* * * LOW MAGIC WARNING * * *
Aim: an orc, wielding a +0 whip (heavily wounded)
The magic dart hits the orc.
* * * LOW MAGIC WARNING * * *
A bat comes into view.
The bat moves out of view.
Aim: an orc, wielding a +0 whip (almost dead)
The magic dart hits the orc.
You kill the orc!
* * * LOW MAGIC WARNING * * *
An orc wizard comes into view. It is wielding a +0 dagger.
You start resting.
The bat is too close now for your liking.
Aim: a bat The magic dart hits the bat.
* * * LOW MAGIC WARNING * * *
Aim: a bat (moderately wounded)
The magic dart hits the bat.
You kill the bat!
* * * LOW MAGIC WARNING * * *
You see here a bat corpse.
You butcher the bat corpse.
g - a chunk of flesh {@w0} You see here a bat skeleton.
You start resting.
The orc wizard is too close now for your liking.
Aim: an orc wizard, wielding a +0 dagger and wearing a +0 robe (hasn't noticed you)
The magic dart hits the orc wizard.
The orc wizard shouts!
Aim: an orc wizard, wielding a +0 dagger and wearing a +0 robe (lightly wounded)
The magic dart hits the orc wizard.
* * * LOW MAGIC WARNING * * *
You are feeling hungry.
Aim: an orc wizard, wielding a +0 dagger and wearing a +0 robe (moderately wounded)
The magic dart hits the orc wizard.
* * * LOW MAGIC WARNING * * *
The orc wizard gestures at you while chanting.
The puff of flame misses you.
Aim: an orc wizard, wielding a +0 dagger and wearing a +0 robe (heavily wounded)
The magic dart hits the orc wizard.
* * * LOW MAGIC WARNING * * *
Aim: an orc wizard, wielding a +0 dagger and wearing a +0 robe (heavily wounded)
The magic dart hits the orc wizard.
* * * LOW MAGIC WARNING * * *
Eating a chunk of flesh {@w0}.
You eat the chunk of flesh {@w0}.
Aim: an orc wizard, wielding a +0 dagger and wearing a +0 robe (heavily wounded)
The magic dart hits the orc wizard.
* * * LOW MAGIC WARNING * * *
The orc wizard points at you and mumbles some strange words.
The puff of flame hits you!
Ouch! That really hurt!
* * * LOW HITPOINT WARNING * * *
The orc wizard gestures wildly while chanting.
The orc wizard flickers and vanishes!
Deactivating autopickup; reactivate with Ctrl-A.
A kobold comes into view.
You are confused.
Something hits you.
* * * LOW HITPOINT WARNING * * *
You hear some strange, mumbled words.
A puff of flame appears from out of thin air!
The puff of flame hits you!
Ouch! That really hurt!
You die...

#......... .......#### ..........
!.......# ............
.................[.##............
...................##............
.................................
............# ........# #........
.)..........# #......# #........
............####......###......##
...............+@................
...........####+.......###+#.....
#.....#....#...........###+#.....
...........#......[....#.........
...........#..............P.####.
............................## #≈
..###..)......##+####..P..P.....P
..............#..................
..............................


There were no monsters in sight!

Levels and vault maps discovered:
D:1:      tarquinn_simple_flora_water_e, layout_loops_ring,
          evilmike_ruin_ashenzari
D:2:      layout_basic, serial_undead, serial_undead_e, serial_undead_f,
          serial_undead_e, serial_undead_b

Notes
Turn   | Place    | Note
-------+----------+-------------------------------------------
     0 | D:1      | drasked the Deep Elf Wizard began the quest for the Orb.
     0 | D:1      | Reached XP level 1. HP: 10/10 MP: 7/7
    34 | D:1      | Identified a +1 antimagic spear (You found it on level 1 of
                  | the Dungeon)
   180 | D:1      | Reached skill level 2 in Conjurations
   197 | D:1      | Identified a +0 club
   215 | D:1      | Reached XP level 2. HP: 15/15 MP: 7/9
   356 | D:1      | Found a shattered altar of Ashenzari.
   403 | D:1      | Identified a +0 club
   691 | D:1      | Identified a +0 club
   693 | D:1      | Reached skill level 3 in Conjurations
   755 | D:1      | Identified a +0 club
   984 | D:2      | Reached XP level 3. HP: 15/19 MP: 1/10
  1004 | D:2      | Learned a level 2 spell: Call Imp
  1008 | D:2      | Learned a level 3 spell: Mephitic Cloud
  1122 | D:2      | Identified a +0 club
  1375 | D:2      | Identified a +0 trident (You found it on level 2 of the
                  | Dungeon)
  1399 | D:2      | Identified a +0 short sword
  1404 | D:2      | Identified a +0 war axe
  1405 | D:2      | Identified a +0 dagger
  1405 | D:2      | Identified a +0 scale mail
  1407 | D:2      | Identified a +0 whip
  1412 | D:2      | Identified a +0 dagger
  1412 | D:2      | Identified a +0 robe
  1505 | D:2      | Killed from afar by an orc wizard

Table legend:
 A = Turns spent in this place as a percentage of turns spent in the entire game.
 B = Non-inter-level travel turns spent in this place as a percentage of non-inter-level travel turns spent in the entire game.
 C = Inter-level travel turns spent in this place as a percentage of turns spent in this place.
 D = Turns resting spent in this place as a percentage of non-inter-level travel turns spent in this place.
 E = Turns spent auto-exploring this place as a percentage of non-inter-level travel turns spent in this place.
 F = Non-inter-level travel turns spent in this place divided by the number of levels of this place that you've seen.
                   A       B       C       D       E      F
               +-------+-------+-------+-------+-------+----------------------
         Total | 100.0 | 100.0 |   0.3 |  36.4 |  49.1 | 750.5
       Dungeon | 100.0 | 100.0 |   0.3 |  36.4 |  49.1 | 750.5
               +-------+-------+-------+-------+-------+----------------------

Table legend:
 A = Kills in this place as a percentage of kills in entire the game.
 B = Kills by you in this place as a percentage of kills by you in the entire game.
 C = Kills by friends in this place as a percentage of kills by friends in the entire game.
 D = Other kills in this place as a percentage of other kills in the entire game.
 E = Experience gained in this place as a percentage of experience gained in the entire game.
 F = Experience gained in this place divided by the number of levels of this place that you have seen.
                   A       B       C       D       E      F
               +-------+-------+-------+-------+-------+----------------------
         Total | 100.0 | 100.0 |   N/A |   N/A | 100.0 |  37.0
       Dungeon | 100.0 | 100.0 |   N/A |   N/A | 100.0 |  37.0
               +-------+-------+-------+-------+-------+----------------------

Skill      XL: |  1  2 |
---------------+-------+-----
Conjurations   | 2 3 |  3.9
Dodging        | |  2.4
Stealth        | |  2.4
Spellcasting   | |  4.4
Summonings     | |  1.1
Translocations | |  1.1

Action                   || total
-------------------------++-------
 Cast: Magic Dart        ||    82
  Eat: Chunk             ||     2
Armor: Robe              ||     2
Dodge: Dodged            ||     7

Vanquished Creatures
  An adder skeleton (D:2)
  A dart slug (D:1)
  A leopard gecko (D:1)
  3 orcs (D:2)
  2 bat skeletons (D:2)
  7 goblins
  3 hobgoblins
  4 jackals (D:2)
  A ball python (D:2)
  4 bats
  7 frilled lizards
  2 kobolds (D:2)
  A leopard gecko zombie (D:2)
  4 rats (D:1)
41 creatures vanquished.
